Barracuda vs Wolfpack
Created - November 11, 2025 at 19:00
Goals
|
| Barracuda |
4 |
0 |
1 |
5 |
| Wolfpack |
3 |
3 |
1 |
7 |
|
Shots
|
| Barracuda |
11 |
9 |
12 |
32 |
| Wolfpack |
16 |
13 |
8 |
37 |
|
1st period
1. Wolfpack , Owen Tippet 3 (Dylan Samberg 1, Dustin Wolf) at 3:01
2. Wolfpack , Linus Sandin 1 (Cale Fleury 1, Alexander Barabanov 2) at 3:37
3. Barracuda , Nikolai Kovalenko 6 (Emil Pettersson 8) at 4:43
4. Barracuda , Alexei Toropchenko 2 (Trent Frederic 3) at 5:45
5. Wolfpack , Owen Tippet 4 (Nolan Patrick 4) at 6:01
6. Barracuda , Beck Malenstyn 3 (Trent Frederic 4) at 9:19
7. Barracuda , Trent Frederic 2 (Alexei Toropchenko 3, Dennis Cholowski 1) at 19:45
Penalties :
Andrew Peeke (Har) for High sticking (Minor) at 10:45, Nolan Patrick (Har) for Slashing (Minor) at 11:05, Emil Pettersson (S.J) for High sticking (Minor) at 17:03
2nd period
8. Wolfpack , Andrei Altybarmakyan 1 (Dryden Hunt 4, Jake Marchment 1) at 3:07
9. Wolfpack , Linus Sandin 2 (Andrew Peeke 1) at 13:10
10. Wolfpack , Alexander Barabanov 1 (Linus Sandin 1, K'Andre Miller 4) at 17:37
Penalties :
Alexei Toropchenko (S.J) for Tripping (Minor) at 0:21, Bode Wilde (S.J) for Slashing (Minor) at 7:30
3rd period
11. Barracuda , Alex Lintuniemi 2 (Jacob Peterson 1, Theodor Blueger 1) at 2:42
12. Wolfpack , Jake Marchment 2 (Alexander Barabanov 3) at 5:56 (SH)
Penalties :
Dante Fabbro (Har) for Tripping (Minor) at 5:03, Adam Beckman (S.J) for Tripping (Minor) at 11:26, Owen Tippet (Har) for High sticking (Minor) at 17:20
Goalie Stats
Kevin Mandolese (S.J), 22 saves from 28 shots - (0.786), L, 1-2-0, 37:37 minutes
Filip Larsson (S.J), 8 saves from 9 shots - (0.889), 22:23 minutes
Dustin Wolf (Har), 27 saves from 32 shots - (0.844), W, 1-1-0, 60:00 minutes
Players Stats for Barracuda
Player Name G A P +/- PIM S H SB GA TA FO MP PP MP PK MP
------------------------------------------------------------------------------------
Adam Beckman 0 0 0 0 2 0 2 0 0 0 0/1 10:13 0:00 0:00
Adam Edstrom 0 0 0 0 0 0 0 0 0 0 0/0 0:26 0:04 0:00
Adam Raska 0 0 0 0 0 0 0 0 0 0 0/0 0:00 0:00 0:00
Alex Jefferies 0 0 0 0 0 0 0 0 1 0 0/0 8:42 0:00 1:16
Alex Lintuniemi 1 0 1 1 0 4 2 1 0 0 0/0 21:50 2:31 3:39
Alexei Toropchenko 1 1 2 0 2 3 2 0 0 0 0/0 15:18 2:47 0:00
Angus Crookshank 0 0 0 -2 0 1 0 0 0 0 1/1 18:39 3:26 0:00
Antonio Stranges 0 0 0 0 0 0 0 0 0 0 0/2 2:44 0:00 1:56
Beck Malenstyn 1 0 1 1 0 1 2 0 0 0 0/0 14:32 2:47 0:00
Bode Wilde 0 0 0 0 2 0 0 2 0 0 0/0 10:19 1:00 0:00
Bogdan Trineyev 0 0 0 0 0 0 0 0 0 0 0/0 0:00 0:00 0:00
Dennis Cholowski 0 1 1 1 0 2 0 0 0 4 0/0 21:00 1:41 3:39
Emil Pettersson 0 1 1 -2 2 3 1 0 0 0 19/34 21:50 3:26 3:12
Jackson Kunz 0 0 0 0 0 0 0 0 0 0 0/0 0:26 0:04 0:00
Jacob Peterson 0 1 1 -1 0 2 0 1 0 1 1/2 10:49 0:00 2:47
Jordan Gross 0 0 0 -4 0 1 2 2 1 1 0/0 25:56 3:41 4:17
Mason Langenbrunner 0 0 0 1 0 0 0 0 0 0 0/0 2:49 0:00 0:00
Nikolai Kovalenko 1 0 1 -2 0 6 0 1 0 1 1/2 18:39 3:26 0:00
Robin Norell 0 0 0 -3 0 2 4 1 1 4 0/0 28:13 3:41 4:17
Ryan Merkley 0 0 0 0 0 3 0 1 0 0 0/0 9:52 0:00 0:00
Ryder Rolston 0 0 0 0 0 0 0 0 0 0 0/0 0:00 0:00 0:00
Sam Colangelo 0 0 0 0 0 0 0 0 0 0 0/0 7:46 0:04 0:00
Theodor Blueger 0 1 1 -1 0 2 0 0 0 2 2/6 12:42 0:00 2:12
Trent Frederic 1 2 3 1 0 2 2 0 1 0 4/9 19:32 2:47 4:29
Yegor Sokolov 0 0 0 0 0 0 0 0 0 0 0/0 9:43 0:00 0:00
Players Stats for Wolfpack
Player Name G A P +/- PIM S H SB GA TA FO MP PP MP PK MP
------------------------------------------------------------------------------------
0 0 0 0 0 0 0 0 0 0 0/0 0:00 0:00 0:00
0 0 0 0 0 0 0 0 0 0 0/0 0:00 0:00 0:00
0 0 0 0 0 0 0 0 0 0 0/0 0:00 0:00 0:00
0 0 0 0 0 0 0 0 0 0 0/0 0:00 0:00 0:00
0 0 0 0 0 0 0 0 0 0 0/0 0:00 0:00 0:00
0 0 0 0 0 0 0 0 0 0 0/0 0:00 0:00 0:00
0 0 0 0 0 0 0 0 0 0 0/0 0:00 0:00 0:00
Alex Barre-Boulet 0 0 0 -2 0 3 2 0 0 0 3/6 13:55 3:44 0:00
Alexander Barabanov 1 2 3 4 0 3 1 0 3 0 0/2 17:21 3:44 1:17
Alexander Volkov 0 0 0 -2 0 2 0 0 1 0 0/0 9:52 0:00 0:00
Andrei Altybarmakyan 1 0 1 0 0 2 1 1 0 0 0/0 8:01 0:00 0:00
Andrew Peeke 0 1 1 2 2 0 1 2 1 1 0/0 16:08 0:34 1:30
Cale Fleury 0 1 1 -1 0 1 1 2 2 1 0/0 27:51 3:46 3:51
Dante Fabbro 0 0 0 0 2 0 2 1 0 0 0/0 11:45 0:00 1:04
Dryden Hunt 0 1 1 1 0 3 0 1 0 0 0/2 22:09 3:36 3:09
Dylan Samberg 0 1 1 0 0 1 0 0 0 0 0/0 12:00 0:34 0:00
Jake Marchment 1 1 2 1 0 2 2 0 0 0 1/3 10:27 0:04 2:06
Joshua Jacobs 0 0 0 3 0 1 0 1 1 0 0/0 20:09 3:36 2:26
K'Andre Miller 0 1 1 -1 0 2 1 2 0 1 0/0 27:51 3:46 3:51
Linus Sandin 2 1 3 3 0 5 0 0 0 0 0/0 12:27 0:01 0:00
Nolan Patrick 0 1 1 0 2 5 1 0 1 0 18/31 22:10 4:12 2:53
Owen Tippet 2 0 2 0 2 2 1 0 3 0 1/1 19:35 4:11 0:00
Shane Pinto 0 0 0 -2 0 2 1 0 0 0 0/0 13:37 3:44 0:00
Tim Stutzle 0 0 0 3 0 2 1 1 1 1 6/11 18:21 4:08 1:20
Yegor Korshkov 0 0 0 0 0 1 1 0 0 0 0/1 8:21 0:00 0:01
3 Stars
1 - Linus Sandin (Har)
2 - Alexander Barabanov (Har)
3 - Trent Frederic (S.J)
Power Play
Barracuda - 0 on 4 Attempt(s) - 0.00%
Wolfpack - 0 on 4 Attempt(s) - 0.00%
Penalty Kill
Barracuda - 4 on 4 Attempt(s) - 100.00%
- Score 0 goal in Penalty Kill
Wolfpack - 4 on 4 Attempt(s) - 100.00%
- Score 1 goal in Penalty Kill
Team Stat
Barracuda - Hits : 17 - Faceoff Wins : 28 - Blocked Shots : 9 - Penalty Minutes : 8
Wolfpack - Hits : 16 - Faceoff Wins : 29 - Blocked Shots : 11 - Penalty Minutes : 8
Official
Referees : Tom Chmielewski and Kyle Rehman
Linesman : Steve Barton and Kory Nagy
Game Notes
Filip Larsson enters game at 17:37 of 2nd period
Finance
Level 1 -- Attendance: 1932 (96.60%) -- Ticket Income $135,240
Level 2 -- Attendance: 901 (90.10%) -- Ticket Income $36,040
Total Attendance: 2833 (94.43%)
Total Ticket Income: $171,280
Other Income: $8,564
Total Income: $179,844
Barracuda
5 vs 5 Forward
Center Left Wing Right Wing Time % Phy DF OF
1 Emil Pettersson Angus Crookshank Nikolai Kovalenko 40 1 2 2
2 Trent Frederic Beck Malenstyn Alexei Toropchenko 30 1 2 2
3 Theodor Blueger Adam Beckman Yegor Sokolov 20 1 2 2
4 Jacob Peterson Alex Jefferies Sam Colangelo 10 1 2 2
5 vs 5 Defense
Defense Defense Time % Phy DF OF
1 Robin Norell Jordan Gross 40 1 2 2
2 Alex Lintuniemi Dennis Cholowski 30 1 2 2
3 Bode Wilde Ryan Merkley 20 1 2 2
4 Mason Langenbrunner Robin Norell 10 1 2 2
PowerPlay Forward
Center Left Wing Right Wing Time % Phy DF OF
1 Emil Pettersson Angus Crookshank Nikolai Kovalenko 60 1 2 2
2 Trent Frederic Beck Malenstyn Alexei Toropchenko 40 1 2 2
PowerPlay Defense
Defense Defense Time % Phy DF OF
1 Robin Norell Jordan Gross 60 1 2 2
2 Alex Lintuniemi Dennis Cholowski 40 1 2 2
Penalty Kill 4 Players Forward
Center Wing Time % Phy DF OF
1 Emil Pettersson Trent Frederic 60 1 2 2
2 Theodor Blueger Jacob Peterson 40 1 2 2
Penalty Kill 4 Players Defense
Defense Defense Time % Phy DF OF
1 Robin Norell Jordan Gross 60 1 2 2
2 Alex Lintuniemi Dennis Cholowski 40 1 2 2
Penalty Kill - 3 Players Forward
Forward Time % Phy DF OF
1 Emil Pettersson 60 1 2 2
2 Trent Frederic 40 1 2 2
Penalty Kill - 3 Players Defense
Defense Defense Time % Phy DF OF
1 Robin Norell Jordan Gross 60 1 2 2
2 Alex Lintuniemi Dennis Cholowski 40 1 2 2
4 vs 4 Forward
Center Wing Time % Phy DF OF
1 Emil Pettersson Trent Frederic 60 1 2 2
2 Theodor Blueger Jacob Peterson 40 1 2 2
4 vs 4 Defense
Defense Defense Time % Phy DF OF
1 Robin Norell Jordan Gross 60 1 2 2
2 Alex Lintuniemi Dennis Cholowski 40 1 2 2
Last Minutes Offensive
Center Left Wing Right Wing Defense Defense
Emil Pettersson Angus Crookshank Nikolai Kovalenko Robin Norell Jordan Gross
Last Minutes Defensive
Center Left Wing Right Wing Defense Defense
Emil Pettersson Angus Crookshank Nikolai Kovalenko Robin Norell Jordan Gross
Goaltenders
Starting : Kevin Mandolese
Backup : Filip Larsson
Extra Forwards
Normal : Adam Edstrom, Jackson Kunz, Antonio Stranges - PP : Adam Edstrom, Jackson Kunz - PK : Antonio Stranges
Extra Defensemen
Normal : Bode Wilde, Ryan Merkley, Mason Langenbrunner - PP : Bode Wilde - PK : Ryan Merkley, Mason Langenbrunner
Penalty Shots
Emil Pettersson, Trent Frederic, Theodor Blueger, Jacob Peterson, Nikolai Kovalenko
Custom OT Lines Forwards
Emil Pettersson, Trent Frederic, Theodor Blueger, Jacob Peterson, Nikolai Kovalenko, Alexei Toropchenko, Angus Crookshank, Beck Malenstyn, Adam Edstrom, Adam Beckman
Custom OT Lines Defensemen
Robin Norell, Jordan Gross, Alex Lintuniemi, Dennis Cholowski, Bode Wilde
Scratches
Kyle Platzer (Left Knee Injury), Luke Martin (Sprained Left Finger Injury), Henrik Tikkanen (Healthy), Aidan Campbell (Healthy)
Wolfpack
5 vs 5 Forward
Center Left Wing Right Wing Time % Phy DF OF
1 Nolan Patrick Dryden Hunt Owen Tippet 40 1 2 2
2 Tim Stutzle Alexander Barabanov Linus Sandin 30 1 2 2
3 Alex Barre-Boulet Shane Pinto Alexander Volkov 20 1 2 2
4 Jake Marchment Yegor Korshkov Andrei Altybarmakyan 10 1 2 2
5 vs 5 Defense
Defense Defense Time % Phy DF OF
1 K'Andre Miller Cale Fleury 40 1 2 2
2 Joshua Jacobs Andrew Peeke 30 1 2 2
3 Dante Fabbro Dylan Samberg 20 1 2 2
4 K'Andre Miller Cale Fleury 10 1 2 2
PowerPlay Forward
Center Left Wing Right Wing Time % Phy DF OF
1 Nolan Patrick Tim Stutzle Owen Tippet 60 1 2 2
2 Alex Barre-Boulet Alexander Barabanov Shane Pinto 40 1 2 2
PowerPlay Defense
Defense Defense Time % Phy DF OF
1 K'Andre Miller Cale Fleury 60 1 2 2
2 Joshua Jacobs Dryden Hunt 40 1 2 2
Penalty Kill 4 Players Forward
Center Wing Time % Phy DF OF
1 Nolan Patrick Dryden Hunt 60 1 2 2
2 Jake Marchment Alexander Barabanov 40 1 2 2
Penalty Kill 4 Players Defense
Defense Defense Time % Phy DF OF
1 K'Andre Miller Cale Fleury 60 1 2 2
2 Joshua Jacobs Andrew Peeke 40 1 2 2
Penalty Kill - 3 Players Forward
Forward Time % Phy DF OF
1 Nolan Patrick 60 1 2 2
2 Jake Marchment 40 1 2 2
Penalty Kill - 3 Players Defense
Defense Defense Time % Phy DF OF
1 K'Andre Miller Cale Fleury 60 1 2 2
2 Joshua Jacobs Andrew Peeke 40 1 2 2
4 vs 4 Forward
Center Wing Time % Phy DF OF
1 Nolan Patrick Dryden Hunt 60 1 2 2
2 Jake Marchment Alexander Barabanov 40 1 2 2
4 vs 4 Defense
Defense Defense Time % Phy DF OF
1 K'Andre Miller Cale Fleury 60 1 2 2
2 Joshua Jacobs Andrew Peeke 40 1 2 2
Last Minutes Offensive
Center Left Wing Right Wing Defense Defense
Nolan Patrick Dryden Hunt Owen Tippet K'Andre Miller Cale Fleury
Last Minutes Defensive
Center Left Wing Right Wing Defense Defense
Nolan Patrick Dryden Hunt Owen Tippet K'Andre Miller Cale Fleury
Goaltenders
Starting : Dustin Wolf
Backup : Hugo Ollas
Extra Forwards
Normal : Jake Marchment, Alex Barre-Boulet, Linus Sandin - PP : Jake Marchment, Alex Barre-Boulet - PK : Jake Marchment
Extra Defensemen
Normal : Andrew Peeke, Dante Fabbro, Dylan Samberg - PP : Andrew Peeke - PK : Andrew Peeke, Dante Fabbro
Penalty Shots
Nolan Patrick, Owen Tippet, Dryden Hunt, Alexander Barabanov, Jake Marchment
Custom OT Lines Forwards
Nolan Patrick, Owen Tippet, Dryden Hunt, Alexander Barabanov, Jake Marchment, Alex Barre-Boulet, Linus Sandin, Alexander Volkov, Andrei Altybarmakyan, Yegor Korshkov
Custom OT Lines Defensemen
K'Andre Miller, Cale Fleury, Joshua Jacobs, Andrew Peeke, Dante Fabbro
Scratches
Ridly Greig (Healthy), Ryan Poehling (Healthy), Mason Shaw (Healthy), Ben Jones (Healthy), Samuel Houde (Healthy)
Carter Savoie (Healthy), Mikhail Vorobyev (Healthy), Jeffrey Viel (Healthy), Jack Drury (Healthy), Jakub Lauko (Healthy)
Martin Kaut (Healthy), Mathias Laferriere (Healthy), Maxwell Crozier (Healthy), Will Francis (Healthy), Samuel Ersson (Healthy)
% Time on Ice - Barracuda
Lines # - Real PCT - Wanted PCT - Time Play
Normal Forward
1 - 36% - 40% - 16:17
2 - 27% - 30% - 12:32
3 - 21% - 20% - 9:43
4 - 16% - 10% - 7:15
Normal Defense
1 - 39% - 40% - 17:58
2 - 34% - 30% - 15:40
3 - 22% - 20% - 9:52
4 - 5% - 10% - 2:17
PP Forward
1 - 56% - 60% - 3:30
2 - 44% - 40% - 2:47
PP Defense
1 - 59% - 60% - 3:41
2 - 41% - 40% - 2:36
PK Forward
1 - 75% - 60% - 5:59
2 - 25% - 40% - 1:57
PK Defense
1 - 54% - 60% - 4:17
2 - 46% - 40% - 3:39
PK3 Forward
1 - 0% - 60%
2 - 0% - 40%
PK3 Defense
1 - 0% - 60%
2 - 0% - 40%
44 Forward
1 - 0% - 60%
2 - 0% - 40%
44 Defense
1 - 0% - 60%
2 - 0% - 40%
Last Minute Offensive - 0:00
Last Minute Defensive - 0:00
Total
Forward - 60:00
Defense - 60:00
|
% Time on Ice - Wolfpack
Lines # - Real PCT - Wanted PCT - Time Play
Normal Forward
1 - 34% - 40% - 15:37
2 - 27% - 30% - 12:20
3 - 21% - 20% - 9:49
4 - 18% - 10% - 8:01
Normal Defense
1 - 41% - 40% - 18:34
2 - 32% - 30% - 14:52
3 - 23% - 20% - 10:41
4 - 4% - 10% - 1:40
PP Forward
1 - 53% - 60% - 4:12
2 - 47% - 40% - 3:44
PP Defense
1 - 55% - 60% - 4:20
2 - 45% - 40% - 3:36
PK Forward
1 - 79% - 60% - 3:41
2 - 21% - 40% - 0:57
PK Defense
1 - 65% - 60% - 3:01
2 - 35% - 40% - 1:37
PK3 Forward
1 - 100% - 60% - 1:39
2 - 0% - 40% - 0:00
PK3 Defense
1 - 51% - 60% - 0:50
2 - 49% - 40% - 0:49
44 Forward
1 - 0% - 60%
2 - 0% - 40%
44 Defense
1 - 0% - 60%
2 - 0% - 40%
Last Minute Offensive - 0:00
Last Minute Defensive - 0:00
Total
Forward - 60:00
Defense - 60:00
|
Play-by-Play
1st period
0:01 of 1st period - Emil Pettersson wins face-off versus Nolan Patrick in neutral zone.
0:30 of 1st period - Snap shot by Alexander Barabanov.
0:30 of 1st period - Shot Misses the Net.
0:32 of 1st period - Slapshot by K'Andre Miller.
0:32 of 1st period - Shot Misses the Net.
0:38 of 1st period - Snap shot by Alexander Barabanov.
0:38 of 1st period - Shot Misses the Net.
0:52 of 1st period - Wrist shot by Theodor Blueger.
0:52 of 1st period - Shot Misses the Net.
0:54 of 1st period - Snap shot by Theodor Blueger.
0:54 of 1st period - Shot Misses the Net.
0:56 of 1st period - Slapshot by Robin Norell.
0:56 of 1st period - Shot Blocked by Andrew Peeke.
2:11 of 1st period - Wrist shot by Alex Barre-Boulet.
2:11 of 1st period - Stopped by Kevin Mandolese without a rebound.
2:12 of 1st period - Alex Barre-Boulet wins face-off versus Theodor Blueger in Barracuda zone.
2:37 of 1st period - Emil Pettersson is hit by Dante Fabbro.
3:01 of 1st period - Snap shot by Owen Tippet.
3:01 of 1st period - Goal by Owen Tippet - Barracuda : 0 - Wolfpack : 1.
3:02 of 1st period - Emil Pettersson wins face-off versus Dryden Hunt in neutral zone.
3:07 of 1st period - Snap shot by Emil Pettersson.
3:07 of 1st period - Deflect By Nikolai Kovalenko.
3:07 of 1st period - Stopped by Dustin Wolf with a rebound.
3:31 of 1st period - Snap shot by Linus Sandin.
3:31 of 1st period - Shot Misses the Net.
3:33 of 1st period - Slapshot by Cale Fleury.
3:33 of 1st period - Shot Blocked by Jordan Gross.
3:37 of 1st period - Wrist shot by Linus Sandin.
3:37 of 1st period - Goal by Linus Sandin - Barracuda : 0 - Wolfpack : 2.
3:38 of 1st period - Emil Pettersson wins face-off versus Tim Stutzle in neutral zone.
4:05 of 1st period - Snap shot by Sam Colangelo.
4:05 of 1st period - Shot Blocked by K'Andre Miller.
4:13 of 1st period - Wrist shot by Alexander Barabanov.
4:13 of 1st period - Shot Blocked by Jacob Peterson.
4:15 of 1st period - Wrist shot by Alexander Barabanov.
4:15 of 1st period - Shot Misses the Net.
4:17 of 1st period - Slapshot by K'Andre Miller.
4:17 of 1st period - Deflect By Jacob Peterson.
4:17 of 1st period - Stopped by Kevin Mandolese with a rebound.
4:23 of 1st period - Wrist shot by Alexander Barabanov.
4:23 of 1st period - Stopped by Kevin Mandolese with a rebound.
4:25 of 1st period - Slapshot by K'Andre Miller.
4:25 of 1st period - Shot Misses the Net.
4:39 of 1st period - Slapshot by Ryan Merkley.
4:39 of 1st period - Stopped by Dustin Wolf without a rebound.
4:40 of 1st period - Emil Pettersson wins face-off versus Nolan Patrick in Wolfpack zone.
4:41 of 1st period - Wrist shot by Nikolai Kovalenko.
4:41 of 1st period - Stopped by Dustin Wolf with a rebound.
4:43 of 1st period - Slapshot by Emil Pettersson.
4:43 of 1st period - Deflect By Nikolai Kovalenko.
4:43 of 1st period - Goal by Nikolai Kovalenko - Barracuda : 1 - Wolfpack : 2.
4:44 of 1st period - Nolan Patrick wins face-off versus Trent Frederic in neutral zone.
5:19 of 1st period - Cale Fleury is hit by Trent Frederic and loses puck.
5:34 of 1st period - Alex Barre-Boulet is hit by Alexei Toropchenko and loses puck.
5:45 of 1st period - Wrist shot by Alexei Toropchenko.
5:45 of 1st period - Goal by Alexei Toropchenko - Barracuda : 2 - Wolfpack : 2.
5:46 of 1st period - Emil Pettersson wins face-off versus Nolan Patrick in neutral zone.
6:01 of 1st period - Snap shot by Owen Tippet.
6:01 of 1st period - Goal by Owen Tippet - Barracuda : 2 - Wolfpack : 3.
6:02 of 1st period - Nolan Patrick wins face-off versus Emil Pettersson in neutral zone.
6:27 of 1st period - Joshua Jacobs is hit by Adam Beckman and loses puck.
6:34 of 1st period - Snap shot by Andrei Altybarmakyan.
6:34 of 1st period - Shot Blocked by Alex Lintuniemi.
6:50 of 1st period - Wrist shot by Alexander Volkov.
6:50 of 1st period - Stopped by Kevin Mandolese with a rebound.
6:58 of 1st period - Snap shot by Alex Barre-Boulet.
6:58 of 1st period - Stopped by Kevin Mandolese with a rebound.
7:00 of 1st period - Slapshot by Dylan Samberg.
7:00 of 1st period - Shot Misses the Net.
7:14 of 1st period - Snap shot by Tim Stutzle.
7:14 of 1st period - Stopped by Kevin Mandolese with a rebound.
7:16 of 1st period - Snap shot by Linus Sandin.
7:16 of 1st period - Shot Misses the Net.
7:18 of 1st period - Wrist shot by Joshua Jacobs.
7:18 of 1st period - Stopped by Kevin Mandolese with a rebound.
7:20 of 1st period - Slapshot by Joshua Jacobs.
7:20 of 1st period - Shot Blocked by Jordan Gross.
7:32 of 1st period - Slapshot by Jacob Peterson.
7:32 of 1st period - Shot Misses the Net.
7:36 of 1st period - Backhand shot by Emil Pettersson.
7:36 of 1st period - Stopped by Dustin Wolf with a rebound.
7:56 of 1st period - Wrist shot by Theodor Blueger.
7:56 of 1st period - Shot Hit the Post.
7:58 of 1st period - Snap shot by Theodor Blueger.
7:58 of 1st period - Shot Misses the Net.
8:00 of 1st period - Slapshot by Bode Wilde.
8:00 of 1st period - Shot Misses the Net.
8:02 of 1st period - Snap shot by Ryan Merkley.
8:02 of 1st period - Stopped by Dustin Wolf without a rebound.
8:03 of 1st period - Emil Pettersson wins face-off versus Jake Marchment in Wolfpack zone.
8:18 of 1st period - Backhand shot by Emil Pettersson.
8:18 of 1st period - Deflect By Angus Crookshank.
8:18 of 1st period - Shot Misses the Net.
8:18 of 1st period - Puck is out of play.
8:19 of 1st period - Tim Stutzle wins face-off versus Theodor Blueger in Wolfpack zone.
8:23 of 1st period - Off-side.
8:24 of 1st period - Tim Stutzle wins face-off versus Adam Beckman in neutral zone.
8:29 of 1st period - Snap shot by Adam Beckman.
8:29 of 1st period - Shot Misses the Net.
9:13 of 1st period - Snap shot by Trent Frederic.
9:13 of 1st period - Deflect By Alexei Toropchenko.
9:13 of 1st period - Shot Misses the Net.
9:13 of 1st period - Puck is out of play.
9:14 of 1st period - Trent Frederic wins face-off versus Alex Barre-Boulet in Wolfpack zone.
9:19 of 1st period - Slapshot by Beck Malenstyn.
9:19 of 1st period - Goal by Beck Malenstyn - Barracuda : 3 - Wolfpack : 3.
9:20 of 1st period - Nolan Patrick wins face-off versus Emil Pettersson in neutral zone.
9:27 of 1st period - Wrist shot by Nolan Patrick.
9:27 of 1st period - Stopped by Kevin Mandolese without a rebound.
9:28 of 1st period - Nolan Patrick wins face-off versus Emil Pettersson in Barracuda zone.
9:31 of 1st period - Slapshot by Nolan Patrick.
9:31 of 1st period - Stopped by Kevin Mandolese with a rebound.
10:03 of 1st period - Snap shot by Trent Frederic.
10:03 of 1st period - Stopped by Dustin Wolf with a rebound.
10:40 of 1st period - Wrist shot by Emil Pettersson.
10:40 of 1st period - Shot Blocked by Andrei Altybarmakyan.
10:42 of 1st period - Slapshot by Dennis Cholowski.
10:42 of 1st period - Deflect By Angus Crookshank.
10:42 of 1st period - Shot Blocked by Dante Fabbro.
10:42 of 1st period - Puck is out of play.
10:43 of 1st period - Nolan Patrick wins face-off versus Emil Pettersson in Wolfpack zone.
10:45 of 1st period - Minor Penalty to Andrew Peeke for High sticking.
10:46 of 1st period - Nolan Patrick wins face-off versus Emil Pettersson in Wolfpack zone.
11:05 of 1st period - Minor Penalty to Nolan Patrick for Slashing.
11:06 of 1st period - Jake Marchment wins face-off versus Emil Pettersson in Wolfpack zone.
11:59 of 1st period - Icing by Dennis Cholowski.
12:00 of 1st period - Tim Stutzle wins face-off versus Trent Frederic in Barracuda zone.
12:45 of 1st period - Penalty to Andrew Peeke is over, Andrew Peeke is back on ice.
13:05 of 1st period - Penalty to Nolan Patrick is over, Nolan Patrick is back on ice.
14:43 of 1st period - Dylan Samberg is hit by Robin Norell and loses puck.
14:54 of 1st period - Wrist shot by Jacob Peterson.
14:54 of 1st period - Stopped by Dustin Wolf without a rebound.
14:55 of 1st period - Jacob Peterson wins face-off versus Alex Barre-Boulet in Wolfpack zone.
15:46 of 1st period - Snap shot by Jake Marchment.
15:46 of 1st period - Shot Blocked by Bode Wilde.
15:48 of 1st period - Snap shot by Yegor Korshkov.
15:48 of 1st period - Shot Blocked by Bode Wilde.
15:50 of 1st period - Snap shot by Dylan Samberg.
15:50 of 1st period - Deflect By Andrei Altybarmakyan.
15:50 of 1st period - Stopped by Kevin Mandolese with a rebound.
16:08 of 1st period - Snap shot by Nikolai Kovalenko.
16:08 of 1st period - Deflect By Emil Pettersson.
16:08 of 1st period - Shot Blocked by Tim Stutzle.
16:08 of 1st period - Puck is out of play.
16:09 of 1st period - Emil Pettersson wins face-off versus Nolan Patrick in Wolfpack zone.
16:34 of 1st period - Trent Frederic is hit by Alexander Barabanov and loses puck.
16:41 of 1st period - Snap shot by Linus Sandin.
16:41 of 1st period - Stopped by Kevin Mandolese without a rebound.
16:42 of 1st period - Tim Stutzle wins face-off versus Emil Pettersson in Barracuda zone.
16:49 of 1st period - Wrist shot by Linus Sandin.
16:49 of 1st period - Stopped by Kevin Mandolese with a rebound.
17:03 of 1st period - Minor Penalty to Emil Pettersson for High sticking.
17:04 of 1st period - Tim Stutzle wins face-off versus Antonio Stranges in Barracuda zone.
17:09 of 1st period - Slapshot by Owen Tippet.
17:09 of 1st period - Shot Misses the Net.
17:29 of 1st period - K'Andre Miller is hit by Robin Norell and loses puck.
17:38 of 1st period - Slapshot by Dryden Hunt.
17:38 of 1st period - Stopped by Kevin Mandolese with a rebound.
19:03 of 1st period - Penalty to Emil Pettersson is over, Emil Pettersson is back on ice.
19:22 of 1st period - Emil Pettersson is hit by Jake Marchment and loses puck.
19:45 of 1st period - Backhand shot by Trent Frederic.
19:45 of 1st period - Goal by Trent Frederic - Barracuda : 4 - Wolfpack : 3.
19:46 of 1st period - Nolan Patrick wins face-off versus Emil Pettersson in neutral zone.
Goals for this period are 4 for Barracuda vs 3 for Wolfpack.
Shots for this period are 11 for Barracuda vs 16 for Wolfpack.
2nd period
0:01 of 2nd period - Nolan Patrick wins face-off versus Trent Frederic in neutral zone.
0:21 of 2nd period - Minor Penalty to Alexei Toropchenko for Tripping.
0:22 of 2nd period - Emil Pettersson wins face-off versus Nolan Patrick in Barracuda zone.
0:31 of 2nd period - Jordan Gross is hit by Owen Tippet.
0:47 of 2nd period - Shane Pinto is hit by Jordan Gross and loses puck.
1:13 of 2nd period - Alexander Barabanov is hit by Jordan Gross and loses puck.
1:47 of 2nd period - Icing by Nolan Patrick.
1:48 of 2nd period - Nolan Patrick wins face-off versus Antonio Stranges in Wolfpack zone.
2:21 of 2nd period - Penalty to Alexei Toropchenko is over, Alexei Toropchenko is back on ice.
2:31 of 2nd period - Wrist shot by Theodor Blueger.
2:31 of 2nd period - Deflect By Jacob Peterson.
2:31 of 2nd period - Stopped by Dustin Wolf with a rebound.
2:57 of 2nd period - Backhand shot by Robin Norell.
2:57 of 2nd period - Stopped by Dustin Wolf with a rebound.
3:07 of 2nd period - Snap shot by Andrei Altybarmakyan.
3:07 of 2nd period - Goal by Andrei Altybarmakyan - Barracuda : 4 - Wolfpack : 4.
3:08 of 2nd period - Emil Pettersson wins face-off versus Tim Stutzle in neutral zone.
4:02 of 2nd period - Icing by Alexander Volkov.
4:03 of 2nd period - Alex Barre-Boulet wins face-off versus Theodor Blueger in Wolfpack zone.
4:30 of 2nd period - Wrist shot by Angus Crookshank.
4:30 of 2nd period - Shot Misses the Net.
4:32 of 2nd period - Slapshot by Nikolai Kovalenko.
4:32 of 2nd period - Stopped by Dustin Wolf with a rebound.
4:34 of 2nd period - Slapshot by Emil Pettersson.
4:34 of 2nd period - Shot Misses the Net.
4:36 of 2nd period - Snap shot by Angus Crookshank.
4:36 of 2nd period - Stopped by Dustin Wolf with a rebound.
4:38 of 2nd period - Wrist shot by Bode Wilde.
4:38 of 2nd period - Shot Misses the Net.
4:40 of 2nd period - Wrist shot by Emil Pettersson.
4:40 of 2nd period - Shot Misses the Net.
5:16 of 2nd period - Off-side.
5:17 of 2nd period - Alex Barre-Boulet wins face-off versus Jacob Peterson in neutral zone.
5:22 of 2nd period - Snap shot by Alex Barre-Boulet.
5:22 of 2nd period - Stopped by Kevin Mandolese with a rebound.
5:30 of 2nd period - Slapshot by Shane Pinto.
5:30 of 2nd period - Shot Misses the Net.
5:48 of 2nd period - Snap shot by Linus Sandin.
5:48 of 2nd period - Stopped by Kevin Mandolese with a rebound.
5:50 of 2nd period - Snap shot by Linus Sandin.
5:50 of 2nd period - Shot Misses the Net.
5:52 of 2nd period - Slapshot by Dylan Samberg.
5:52 of 2nd period - Stopped by Kevin Mandolese with a rebound.
5:54 of 2nd period - Slapshot by Dylan Samberg.
5:54 of 2nd period - Shot Misses the Net.
6:04 of 2nd period - Snap shot by Yegor Korshkov.
6:04 of 2nd period - Stopped by Kevin Mandolese with a rebound.
6:06 of 2nd period - Slapshot by Jake Marchment.
6:06 of 2nd period - Stopped by Kevin Mandolese without a rebound.
6:07 of 2nd period - Emil Pettersson wins face-off versus Yegor Korshkov in Barracuda zone.
6:34 of 2nd period - Snap shot by Nolan Patrick.
6:34 of 2nd period - Shot Misses the Net.
6:36 of 2nd period - Snap shot by Owen Tippet.
6:36 of 2nd period - Shot Misses the Net.
6:38 of 2nd period - Snap shot by Dryden Hunt.
6:38 of 2nd period - Stopped by Kevin Mandolese with a rebound.
6:40 of 2nd period - Snap shot by Dryden Hunt.
6:40 of 2nd period - Stopped by Kevin Mandolese with a rebound.
6:42 of 2nd period - Snap shot by Nolan Patrick.
6:42 of 2nd period - Shot Blocked by Robin Norell.
7:12 of 2nd period - Bode Wilde is hit by Alex Barre-Boulet.
7:30 of 2nd period - Minor Penalty to Bode Wilde for Slashing.
7:31 of 2nd period - Emil Pettersson wins face-off versus Tim Stutzle in Barracuda zone.
9:30 of 2nd period - Penalty to Bode Wilde is over, Bode Wilde is back on ice.
9:44 of 2nd period - Jacob Peterson is hit by Jake Marchment and loses puck.
11:19 of 2nd period - Icing by Jordan Gross.
11:20 of 2nd period - Trent Frederic wins face-off versus Nolan Patrick in Barracuda zone.
11:33 of 2nd period - Dennis Cholowski is hit by Andrei Altybarmakyan and loses puck.
12:49 of 2nd period - Sam Colangelo is hit by Tim Stutzle and loses puck.
13:00 of 2nd period - Snap shot by Alexander Barabanov.
13:00 of 2nd period - Deflect By Tim Stutzle.
13:00 of 2nd period - Stopped by Kevin Mandolese with a rebound.
13:10 of 2nd period - Snap shot by Linus Sandin.
13:10 of 2nd period - Goal by Linus Sandin - Barracuda : 4 - Wolfpack : 5.
13:11 of 2nd period - Nolan Patrick wins face-off versus Emil Pettersson in neutral zone.
13:39 of 2nd period - Jordan Gross is hit by Alex Barre-Boulet and loses puck.
14:07 of 2nd period - Snap shot by Theodor Blueger.
14:07 of 2nd period - Stopped by Dustin Wolf without a rebound.
14:08 of 2nd period - Theodor Blueger wins face-off versus Nolan Patrick in Wolfpack zone.
14:21 of 2nd period - Slapshot by Owen Tippet.
14:21 of 2nd period - Deflect By Nolan Patrick.
14:21 of 2nd period - Stopped by Kevin Mandolese without a rebound.
14:22 of 2nd period - Emil Pettersson wins face-off versus Nolan Patrick in Barracuda zone.
14:31 of 2nd period - Snap shot by Nikolai Kovalenko.
14:31 of 2nd period - Stopped by Dustin Wolf without a rebound.
14:32 of 2nd period - Nolan Patrick wins face-off versus Emil Pettersson in Wolfpack zone.
15:10 of 2nd period - Slapshot by Alex Lintuniemi.
15:10 of 2nd period - Shot Blocked by Cale Fleury.
15:12 of 2nd period - Slapshot by Dennis Cholowski.
15:12 of 2nd period - Deflect By Emil Pettersson.
15:12 of 2nd period - Stopped by Dustin Wolf without a rebound.
15:13 of 2nd period - Trent Frederic wins face-off versus Tim Stutzle in Wolfpack zone.
15:39 of 2nd period - Jordan Gross is hit by Shane Pinto and loses puck.
17:00 of 2nd period - Snap shot by Alexei Toropchenko.
17:00 of 2nd period - Stopped by Dustin Wolf with a rebound.
17:02 of 2nd period - Slapshot by Beck Malenstyn.
17:02 of 2nd period - Deflect By Alexei Toropchenko.
17:02 of 2nd period - Shot Misses the Net.
17:02 of 2nd period - Puck is out of play.
17:03 of 2nd period - Nolan Patrick wins face-off versus Trent Frederic in Wolfpack zone.
17:18 of 2nd period - Wrist shot by Nolan Patrick.
17:18 of 2nd period - Shot Misses the Net.
17:37 of 2nd period - Wrist shot by Alexander Barabanov.
17:37 of 2nd period - Goal by Alexander Barabanov - Barracuda : 4 - Wolfpack : 6.
17:37 of 2nd period - Filip Larsson enters game.
17:38 of 2nd period - Nolan Patrick wins face-off versus Emil Pettersson in neutral zone.
17:53 of 2nd period - Slapshot by Alex Lintuniemi.
17:53 of 2nd period - Stopped by Dustin Wolf with a rebound.
19:21 of 2nd period - Snap shot by Alexander Volkov.
19:21 of 2nd period - Shot Misses the Net.
19:23 of 2nd period - Snap shot by Shane Pinto.
19:23 of 2nd period - Stopped by Filip Larsson without a rebound.
19:24 of 2nd period - Nolan Patrick wins face-off versus Emil Pettersson in Barracuda zone.
19:49 of 2nd period - Trent Frederic is hit by Dante Fabbro and loses puck.
Goals for this period are 0 for Barracuda vs 3 for Wolfpack.
Shots for this period are 9 for Barracuda vs 13 for Wolfpack.
3rd period
0:01 of 3rd period - Nolan Patrick wins face-off versus Emil Pettersson in neutral zone.
0:03 of 3rd period - Off-side.
0:04 of 3rd period - Nolan Patrick wins face-off versus Emil Pettersson in neutral zone.
0:15 of 3rd period - Snap shot by Nolan Patrick.
0:15 of 3rd period - Shot Blocked by Nikolai Kovalenko.
0:17 of 3rd period - Slapshot by K'Andre Miller.
0:17 of 3rd period - Stopped by Filip Larsson with a rebound.
0:29 of 3rd period - Slapshot by Emil Pettersson.
0:29 of 3rd period - Stopped by Dustin Wolf with a rebound.
0:33 of 3rd period - Snap shot by Alexei Toropchenko.
0:33 of 3rd period - Stopped by Dustin Wolf without a rebound.
0:34 of 3rd period - Owen Tippet wins face-off versus Trent Frederic in Wolfpack zone.
0:34 of 3rd period - Owen Tippet is hit by Alexei Toropchenko.
0:48 of 3rd period - Backhand shot by Nolan Patrick.
0:48 of 3rd period - Stopped by Filip Larsson without a rebound.
0:49 of 3rd period - Emil Pettersson wins face-off versus Alexander Barabanov in Barracuda zone.
1:03 of 3rd period - Off-side.
1:04 of 3rd period - Trent Frederic wins face-off versus Nolan Patrick in neutral zone.
1:09 of 3rd period - Slapshot by Jordan Gross.
1:09 of 3rd period - Stopped by Dustin Wolf with a rebound.
2:25 of 3rd period - Theodor Blueger is hit by Nolan Patrick and loses puck.
2:42 of 3rd period - Slapshot by Alex Lintuniemi.
2:42 of 3rd period - Goal by Alex Lintuniemi - Barracuda : 5 - Wolfpack : 6.
2:43 of 3rd period - Nolan Patrick wins face-off versus Nikolai Kovalenko in neutral zone.
2:46 of 3rd period - Dennis Cholowski is hit by K'Andre Miller and loses puck.
3:19 of 3rd period - Wrist shot by Trent Frederic.
3:19 of 3rd period - Shot Misses the Net.
3:21 of 3rd period - Backhand shot by Alex Lintuniemi.
3:21 of 3rd period - Stopped by Dustin Wolf with a rebound.
4:16 of 3rd period - Dylan Samberg is hit by Trent Frederic and loses puck.
4:36 of 3rd period - Snap shot by Nikolai Kovalenko.
4:36 of 3rd period - Stopped by Dustin Wolf with a rebound.
4:38 of 3rd period - Wrist shot by Angus Crookshank.
4:38 of 3rd period - Shot Misses the Net.
4:40 of 3rd period - Wrist shot by Ryan Merkley.
4:40 of 3rd period - Stopped by Dustin Wolf without a rebound.
4:41 of 3rd period - Theodor Blueger wins face-off versus Nolan Patrick in Wolfpack zone.
4:48 of 3rd period - Snap shot by Theodor Blueger.
4:48 of 3rd period - Stopped by Dustin Wolf with a rebound.
4:50 of 3rd period - Slapshot by Alex Lintuniemi.
4:50 of 3rd period - Stopped by Dustin Wolf with a rebound.
4:52 of 3rd period - Slapshot by Dennis Cholowski.
4:52 of 3rd period - Stopped by Dustin Wolf with a rebound.
4:54 of 3rd period - Wrist shot by Alex Lintuniemi.
4:54 of 3rd period - Shot Blocked by Andrew Peeke.
4:56 of 3rd period - Slapshot by Dennis Cholowski.
4:56 of 3rd period - Stopped by Dustin Wolf without a rebound.
4:57 of 3rd period - Emil Pettersson wins face-off versus Alexander Barabanov in Wolfpack zone.
5:03 of 3rd period - Minor Penalty to Dante Fabbro for Tripping.
5:04 of 3rd period - Emil Pettersson wins face-off versus Dryden Hunt in Wolfpack zone.
5:50 of 3rd period - Slapshot by Cale Fleury.
5:50 of 3rd period - Stopped by Filip Larsson without a rebound.
5:51 of 3rd period - Nikolai Kovalenko wins face-off versus Jake Marchment in Barracuda zone.
5:56 of 3rd period - Snap shot by Jake Marchment.
5:56 of 3rd period - Goal by Jake Marchment - Barracuda : 5 - Wolfpack : 7.
5:57 of 3rd period - Angus Crookshank wins face-off versus Nolan Patrick in neutral zone.
6:12 of 3rd period - Snap shot by Emil Pettersson.
6:12 of 3rd period - Shot Blocked by Dryden Hunt.
6:32 of 3rd period - K'Andre Miller is hit by Beck Malenstyn and loses puck.
7:03 of 3rd period - Penalty to Dante Fabbro is over, Dante Fabbro is back on ice.
7:20 of 3rd period - Off-side.
7:21 of 3rd period - Emil Pettersson wins face-off versus Tim Stutzle in neutral zone.
7:48 of 3rd period - Joshua Jacobs is hit by Robin Norell and loses puck.
7:57 of 3rd period - Wrist shot by Trent Frederic.
7:57 of 3rd period - Shot Blocked by Joshua Jacobs.
8:08 of 3rd period - Off-side.
8:09 of 3rd period - Nolan Patrick wins face-off versus Theodor Blueger in neutral zone.
9:32 of 3rd period - Wrist shot by Owen Tippet.
9:32 of 3rd period - Shot Misses the Net.
9:42 of 3rd period - Yegor Korshkov is hit by Robin Norell and loses puck.
9:49 of 3rd period - Snap shot by Jacob Peterson.
9:49 of 3rd period - Shot Misses the Net.
9:51 of 3rd period - Snap shot by Jordan Gross.
9:51 of 3rd period - Shot Misses the Net.
9:53 of 3rd period - Slapshot by Robin Norell.
9:53 of 3rd period - Stopped by Dustin Wolf with a rebound.
9:55 of 3rd period - Wrist shot by Jacob Peterson.
9:55 of 3rd period - Shot Blocked by K'Andre Miller.
10:07 of 3rd period - Andrei Altybarmakyan is hit by Emil Pettersson and loses puck.
10:18 of 3rd period - Slapshot by Yegor Korshkov.
10:18 of 3rd period - Shot Blocked by Ryan Merkley.
10:36 of 3rd period - Snap shot by Andrei Altybarmakyan.
10:36 of 3rd period - Shot Hit the Post.
11:20 of 3rd period - Snap shot by Nolan Patrick.
11:20 of 3rd period - Shot Misses the Net.
11:26 of 3rd period - Minor Penalty to Adam Beckman for Tripping.
11:27 of 3rd period - Emil Pettersson wins face-off versus Nolan Patrick in Barracuda zone.
12:59 of 3rd period - Icing by Shane Pinto.
13:00 of 3rd period - Emil Pettersson wins face-off versus Alex Barre-Boulet in Wolfpack zone.
13:26 of 3rd period - Penalty to Adam Beckman is over, Adam Beckman is back on ice.
13:31 of 3rd period - Adam Beckman is hit by Cale Fleury and loses puck.
14:10 of 3rd period - Wrist shot by Alexander Barabanov.
14:10 of 3rd period - Stopped by Filip Larsson without a rebound.
14:11 of 3rd period - Tim Stutzle wins face-off versus Emil Pettersson in Barracuda zone.
14:36 of 3rd period - Sam Colangelo is hit by Andrew Peeke and loses puck.
14:41 of 3rd period - Snap shot by Alex Barre-Boulet.
14:41 of 3rd period - Shot Misses the Net.
14:43 of 3rd period - Slapshot by K'Andre Miller.
14:43 of 3rd period - Shot Misses the Net.
14:45 of 3rd period - Snap shot by Shane Pinto.
14:45 of 3rd period - Stopped by Filip Larsson with a rebound.
14:47 of 3rd period - Wrist shot by Alexander Volkov.
14:47 of 3rd period - Stopped by Filip Larsson with a rebound.
15:07 of 3rd period - Owen Tippet is hit by Adam Beckman and loses puck.
16:33 of 3rd period - Nikolai Kovalenko is hit by Yegor Korshkov and loses puck.
17:12 of 3rd period - Backhand shot by Robin Norell.
17:12 of 3rd period - Shot Blocked by Cale Fleury.
17:20 of 3rd period - Minor Penalty to Owen Tippet for High sticking.
17:21 of 3rd period - Emil Pettersson wins face-off versus Nolan Patrick in Wolfpack zone.
18:07 of 3rd period - Jake Marchment is hit by Beck Malenstyn and loses puck.
18:18 of 3rd period - Cale Fleury is hit by Alex Lintuniemi and loses puck.
18:42 of 3rd period - Snap shot by Nolan Patrick.
18:42 of 3rd period - Stopped by Filip Larsson with a rebound.
18:59 of 3rd period - Nolan Patrick is hit by Alex Lintuniemi and loses puck.
19:20 of 3rd period - Penalty to Owen Tippet is over, Owen Tippet is back on ice.
Goals for this period are 1 for Barracuda vs 1 for Wolfpack.
Shots for this period are 12 for Barracuda vs 8 for Wolfpack.